 Dungeon Crawl Stone Soup version 0.29-a0-96-g93358da72b (webtiles) character file.

Game seed: 14097182959872427829

32379 Malkuth the Carver (level 13, -2/80 HPs)
             Began as a Gargoyle Fighter on Feb 11, 2022.
             Was a Believer of Qazlal.
             Shot with an arrow by a naga sharpshooter (19 damage)
             ... on level 1 of the Snake Pit.
             The game lasted 01:35:44 (9243 turns).

Malkuth the Carver (Gargoyle Fighter)               Turns: 9243, Time: 01:35:45

Health: -2/80      AC: 35    Str: 25    XL:     13   Next: 64%
Magic:  15/15      EV:  8    Int: 19    God:    Qazlal [**....]
Gold:   633        SH: 10    Dex: 14    Spells: 15/15 levels left

rFire   x . .      SeeInvis .   K - +9 long sword "Amoi" {drain, rElec rF- rN++ Int+4}
rCold   . . .      Faith    .   c - +0 buckler
rNeg    + + +      Spirit   .   H - +0 plate armour
rPois   ∞          Reflect  .   M - +2 hat
rElec   +          Harm     .   m - +2 cloak
rCorr   .          Rampage  .   (no gloves)
Will    .....                   i - +0 pair of boots
Stlth   ..........              t - amulet of regeneration
HPRegen 1.03/turn               Q - +4 ring of protection
MPRegen 0.14/turn               o - ring "Vilaul" {Will- Int+6 Dex+5}

@: no status effects
A: sickness immunity, AC +9, negative energy resistance 1, electricity
resistance, torment resistance 1, petrification resistance
a: Renounce Religion, Upheaval


You were on level 1 of the Snake Pit.
You worshipped Qazlal.
Qazlal was pleased with you.
You visited 4 branches of the dungeon, and saw 13 of its levels.
You also visited: Bailey.

You collected 633 gold pieces.

Inventory:

Hand Weapons
 a - a +0 flail
 n - the +10 zealot's sword {holy, *Rage rN+ EV+3}
   (You found it on level 3 of the Dungeon)

   It has been blessed by the Shining One to cause great damage to the undead
   and demons.
   Whenever the wielder enters a berserk rage, their allies are berserked
   alongside them.
   EV:        It affects your evasion (+3).
   rN:        It protects you from negative energy.
   *Rage:     It berserks you when you make melee attacks (+20% chance).
 K - the +9 long sword "Amoi" (weapon) {drain, rElec rF- rN++ Int+4}
   (You found it on level 7 of the Dungeon)

   A truly terrible weapon, it drains the life of any living foe it strikes.
   Int:       It affects your intelligence (+4).
   rF:        It makes you vulnerable to fire.
   rElec:     It insulates you from electricity.
   rN:        It greatly protects you from negative energy.
Armour
 c - a +0 buckler (worn)
 i - a +0 pair of boots (worn)
 m - a +2 cloak (worn)
 H - a +0 plate armour (worn)
 M - a +2 hat (worn)
Magical Staves
 J - a staff of death
Jewellery
 h - a ring of poison resistance
 o - the ring "Vilaul" (right hand) {Will- Int+6 Dex+5}
   (You took it off an orc priest on level 3 of the Dungeon)

   [ring of intelligence]

   Int:       It affects your intelligence (+6).
   Dex:       It affects your dexterity (+5).
   Will:      It decreases your willpower.
 r - a +6 ring of intelligence
 t - an amulet of regeneration (around neck)
 w - a ring of flight
 A - a ring of willpower
 E - a ring of wizardry
 N - a ring of poison resistance
 O - a ring of resist corrosion
 Q - a +4 ring of protection (left hand)
Wands
 v - a wand of iceblast (2)
 y - a wand of charming (8)
 L - a wand of polymorph (14)
Scrolls
 b - a scroll of magic mapping {unknown}
 e - 2 scrolls of amnesia {unknown}
 g - 14 scrolls of identify {unknown}
 j - a scroll of vulnerability {unknown}
 k - 3 scrolls of fear {unknown}
 s - 3 scrolls of blinking {unknown}
 u - 3 scrolls of enchant armour {unknown}
 x - a scroll of noise {unknown}
 B - a scroll of holy word {unknown}
 C - a scroll of fog {unknown}
 D - 3 scrolls of teleportation {unknown}
 G - 2 scrolls of brand weapon {unknown}
 R - a scroll of silence {unknown}
 S - a scroll of summoning {unknown}
 T - a scroll of torment {unknown}
Potions
 d - 3 potions of might
 f - 3 potions of curing
 l - a potion of invisibility {unknown}
 p - 5 potions of heal wounds
 q - a potion of haste {unknown}
 z - 2 potions of brilliance {unknown}
 F - 2 potions of berserk rage {unknown}
 P - a potion of magic {unknown}
 U - a potion of ambrosia {unknown}
Miscellaneous
 I - a piece from Xom's chessboard (15/15)


   Skills:
 + Level 9.2 Fighting
 + Level 2.2(7.4) Short Blades
 + Level 11.1(11.2) Long Blades
 + Level 2.0(3.9) Axes
 + Level 4.9(5.4) Maces & Flails
 + Level 2.4(3.1) Polearms
 + Level 2.0(4.2) Staves
 + Level 1.6(2.0) Slings
 + Level 1.8 Bows
 + Level 1.8 Crossbows
 + Level 1.7(2.1) Throwing
 + Level 10.1 Armour
 + Level 3.6 Dodging
 + Level 3.1 Stealth
 + Level 9.2 Shields
 + Level 1.8 Unarmed Combat
 + Level 1.6 Spellcasting
 + Level 2.0 Conjurations
 + Level 1.6 Hexes
 + Level 1.6 Summonings
 + Level 1.4 Necromancy
 + Level 1.6 Translocations
 + Level 1.9 Transmutations
 + Level 1.8 Fire Magic
 + Level 1.8 Ice Magic
 + Level 1.4 Air Magic
 + Level 2.2 Earth Magic
 + Level 1.8 Poison Magic
 + Level 2.0 Invocations
 + Level 2.9 Evocations


You had 15 spell levels left.
You didn't know any spells.
Your spell library contained the following spells:

 Spells                   Type           Power      Damage    Failure   Level
 Passwall                 Tmut/Erth      7%         N/A       82%         2
 Ensorcelled Hibernation  Hex/Ice        16%        N/A       86%         2
 Ozocubu's Armour         Ice            8%         N/A       97%         3
 Swiftness                Air            7%         N/A       98%         3
 Animate Dead             Necr           3%         N/A       100%        4
 Haunt                    Necr/Summ      3%         N/A       100%        7
 Ozocubu's Refrigeration  Ice            4%         4d5       100%        7
 Infestation              Necr           3%         N/A       100%        8


Dungeon Overview and Level Annotations

Branches:
Dungeon (8/15)             Temple (1/1) D:5            Lair (3/6) D:8
  Snake (1/4) Lair:3       Bailey (visited)
  Swamp: Lair:2-4    Shoals: Lair:2-4

Altars:
Ashenzari
Cheibriados
Dithmenos
Elyvilon
Fedhas
Gozag
Hepliaklqana
Kikubaaqudgha
Makhleb
Okawaru
Qazlal
Ru
Sif Muna
Trog
Vehumet
Wu Jian
Xom
Yredelemnul
Zin
The Shining One
Lugonu


Innate Abilities, Weirdness & Mutations

You are immune to sickness and miasma.
Your stone body is resilient. (AC +9)
You are immune to poison.
You resist negative energy. (rN+)
You are resistant to electric shocks. (rElec)
You are resistant to unholy torment.
You are immune to petrification.


Message History

The shock serpent is almost dead.
The shock serpent is no longer moving slowly.
The naga sharpshooter spits poison at you.
The splash of poison hits you but does no damage.
You resist. The shock serpent barely misses you.
You hit the shock serpent.
The shock serpent is almost dead.
The shock serpent's electric aura discharges, shocking you!
You resist.
The shock serpent shoots out a bolt of lightning at you!
The bolt of electricity hits you. You resist.
The naga sharpshooter shoots a bolt.
You block the bolt.
You slash the shock serpent!
You kill the shock serpent!
Qazlal accepts your kill.
The naga sharpshooter shoots a bolt.
The bolt barely misses you.
The naga sharpshooter shoots a bolt.
The bolt hits you but does no damage.
You see here a shock serpent corpse.
The naga sharpshooter shoots a bolt.
The bolt hits you but does no damage.
The naga sharpshooter shoots an arrow.
The arrow hits you!
The naga sharpshooter shoots a bolt.
The bolt hits you but does no damage.
You slash the naga sharpshooter!
The naga sharpshooter is lightly wounded.
The naga sharpshooter spits poison at you.
The splash of poison hits you but does no damage.
You resist.
The naga sharpshooter shoots a bolt.
The bolt hits you!
* * * LOW HITPOINT WARNING * * *
You slash the naga sharpshooter! You drain the naga sharpshooter.
The naga sharpshooter is moderately wounded.
The naga sharpshooter mumbles some strange words.
The naga sharpshooter magically shoots an arrow.
The arrow hits you.
* * * LOW HITPOINT WARNING * * *
The naga sharpshooter shoots a bolt.
The bolt hits you but does no damage.
You hit the naga sharpshooter. You drain the naga sharpshooter.
The naga sharpshooter is heavily wounded.
The naga sharpshooter mumbles some strange words.
The naga sharpshooter magically shoots an arrow.
The arrow hits you!!
You die...

#............
#............
#............
#............
####............
.........N......
................
........@N.#
..........##
.##....†##
####)##
###.#######.
#...........
#...........
#........... ..
#...........


You could see 2 naga sharpshooters.

Vanquished Creatures
  Gastronok (Lair:2)
  An orc warlord (Bailey)
  A boulder beetle (Lair:2)
  A death yak (Lair:3)
  A naga sharpshooter (Snake:1)
  A shock serpent (Snake:1)
  Urug (Lair:2)
  An orc knight (Bailey)
  Pikel (D:5)
  4 black mambas
  5 centaur zombies
  3 cane toads
  A torpor snail (Lair:3)
  A gargoyle (D:6)
  Maggie (D:7)
  3 komodo dragons
  A troll (D:8)
  2 hornets
  4 blink frogs (Lair:1)
  Sigmund (D:2)
  A spriggan (D:7)
  6 yaks (Lair:1)
  4 basilisks
  3 nagas (Snake:1)
  13 water moccasins
  3 black bears
  2 ice beasts
  A sky beast (D:5)
  4 orc warriors
  A necrophage (D:6)
  2 ogres
  5 wolves (D:8)
  A lemure (D:5)
  A kobold brigand (D:7)
  4 bullfrogs
  2 scorpions
  A gnoll sergeant (D:5)
  2 wyvern skeletons
  A water moccasin zombie (D:5)
  2 water moccasin skeletons
  14 killer bees
  4 wights (D:7)
  3 electric eels
  A howler monkey (D:5)
  A bullfrog zombie (D:5)
  6 hounds
  4 bullfrog skeletons
  A gnoll shaman (D:7)
  2 orc priests (D:3)
  Crazy Yiuf (D:3)
  4 iguanas
  Ijyb (D:4)
  2 orc wizards (D:8)
  A howler monkey zombie (D:5)
  16 gnolls
  6 adders
  2 ufetubi (D:5)
  An adder zombie (D:5)
  4 worms
  3 dart slugs (D:1)
  26 orcs
  11 endoplasms
  5 giant cockroaches
  11 goblins
  12 hobgoblins
  14 kobolds
  7 quokkas
  7 ball pythons
  9 bats
  A frilled lizard (D:1)
  3 rats
277 creatures vanquished.

Vanquished Creatures (others)
  2 demonic plants (Temple)
  7 fungi
  15 plants
24 creatures vanquished.

Grand Total: 301 creatures vanquished

Notes
Turn   | Place    | Note
-------+----------+-------------------------------------------
     0 | D:1      | Malkuth the Gargoyle Fighter began the quest for the Orb.
     0 | D:1      | Reached XP level 1. HP: 14/14 MP: 1/1
   196 | D:1      | Reached XP level 2. HP: 4/19 MP: 2/2
   691 | D:1      | Reached XP level 3. HP: 24/24 MP: 3/3
  1320 | D:2      | Reached XP level 4. HP: 25/29 MP: 4/4
  1573 | D:2      | Noticed Sigmund
  1967 | D:2      | Killed Sigmund
  1968 | D:2      | Reached skill level 1 in Dodging
  1968 | D:2      | Reached XP level 5. HP: 19/34 MP: 5/5
  1968 | D:2      | Reached XP level 6. HP: 22/39 MP: 6/6
  2198 | D:3      | Found a runed translucent door.
  2199 | D:3      | Noticed Crazy Yiuf
  2209 | D:3      | Killed Crazy Yiuf
  2251 | D:3      | Found the +10 zealot's sword {holy, *Rage rN+ EV+3}
  2413 | D:3      | Identified the ring "Vilaul" {Will- Int+6 Dex+5}
  2895 | D:4      | Noticed an ice beast
  2904 | D:4      | Killed an ice beast
  2905 | D:4      | Reached skill level 1 in Long Blades
  2905 | D:4      | Reached skill level 5 in Armour
  2905 | D:4      | Reached XP level 7. HP: 44/44 MP: 7/7
  3029 | D:4      | Noticed Ijyb
  3045 | D:4      | Killed Ijyb
  3046 | D:4      | Reached skill level 2 in Long Blades
  3353 | D:3      | Found an opulent altar of Gozag.
  3355 | D:3      | Reached skill level 3 in Long Blades
  3357 | D:3      | Found a shimmering blue altar of Sif Muna.
  3358 | D:3      | Found a snail-covered altar of Cheibriados.
  3399 | D:3      | Found a basalt altar of Yredelemnul.
  3732 | D:5      | Entered Level 5 of the Dungeon
  3751 | D:5      | Reached XP level 8. HP: 48/48 MP: 8/8
  3754 | D:5      | Reached skill level 4 in Long Blades
  3773 | D:5      | Reached skill level 5 in Fighting
  3775 | D:5      | Reached skill level 5 in Long Blades
  3910 | D:5      | Reached skill level 1 in Evocations
  3910 | D:5      | Reached XP level 9. HP: 54/54 MP: 9/9
  3915 | D:5      | Reached skill level 6 in Long Blades
  3929 | D:5      | Reached skill level 5 in Shields
  4170 | D:5      | Found a staircase to the Ecumenical Temple.
  4207 | Temple   | Entered the Ecumenical Temple
  4301 | Temple   | Became a worshipper of Qazlal Stormbringer
  4328 | D:5      | Noticed a hornet
  4336 | D:5      | Killed a hornet
  4419 | D:5      | Noticed Pikel
  4429 | D:5      | Killed Pikel
  4430 | D:5      | Reached skill level 7 in Long Blades
  4745 | D:6      | Noticed a gargoyle
  4754 | D:6      | Killed a gargoyle
  4895 | D:6      | Found a glowing silver altar of Zin.
  4895 | D:6      | Found a white marble altar of Elyvilon.
  4895 | D:6      | Found a glowing golden altar of the Shining One.
  4940 | D:6      | Reached skill level 1 in Stealth
  4943 | D:6      | Reached XP level 10. HP: 61/61 MP: 10/10
  5102 | D:6      | Found a hazy altar of Hepliaklqana.
  5104 | D:6      | Found a radiant altar of Vehumet.
  5161 | D:6      | Found an ornate altar of the Wu Jian Council.
  5163 | D:6      | Found a sacrificial altar of Ru.
  5459 | D:7      | Found a flagged portal.
  5479 | Bailey   | Entered a bailey
  5492 | Bailey   | Noticed an orc warlord
  5538 | Bailey   | Reached skill level 8 in Long Blades
  5543 | Bailey   | Reached * piety under Qazlal
  5545 | Bailey   | Noticed an orc knight
  5564 | Bailey   | Killed an orc knight
  5588 | Bailey   | Found a runed translucent gate.
  5595 | Bailey   | Found a runed translucent gate.
  5620 | Bailey   | Found a runed translucent gate.
  5652 | Bailey   | HP: 3/61 [orc warlord (21)]
  5655 | Bailey   | Killed an orc warlord
  5686 | Bailey   | Reached skill level 1 in Short Blades
  5686 | Bailey   | Reached skill level 9 in Long Blades
  5686 | Bailey   | Reached skill level 1 in Axes
  5686 | Bailey   | Reached skill level 1 in Staves
  5686 | Bailey   | Reached skill level 1 in Slings
  5686 | Bailey   | Reached skill level 1 in Bows
  5686 | Bailey   | Reached skill level 1 in Crossbows
  5686 | Bailey   | Reached skill level 1 in Throwing
  5686 | Bailey   | Reached skill level 1 in Unarmed Combat
  5686 | Bailey   | Reached skill level 1 in Spellcasting
  5686 | Bailey   | Reached skill level 1 in Conjurations
  5686 | Bailey   | Reached skill level 1 in Hexes
  5686 | Bailey   | Reached skill level 1 in Summonings
  5686 | Bailey   | Reached skill level 1 in Necromancy
  5686 | Bailey   | Reached skill level 1 in Translocations
  5686 | Bailey   | Reached skill level 1 in Transmutations
  5686 | Bailey   | Reached skill level 1 in Fire Magic
  5686 | Bailey   | Reached skill level 1 in Ice Magic
  5686 | Bailey   | Reached skill level 1 in Air Magic
  5686 | Bailey   | Reached skill level 1 in Earth Magic
  5686 | Bailey   | Reached skill level 1 in Poison Magic
  5686 | Bailey   | Reached skill level 1 in Invocations
  5686 | Bailey   | Reached XP level 11. HP: 52/67 MP: 10/12
  5688 | Bailey   | Reached XP level 12. HP: 59/73 MP: 10/14
  5868 | D:7      | Identified the +9 long sword "Amoi" {drain, rElec rF- rN++
                  | Int+4}
  5915 | D:7      | Identified the +2 ring mail of Quantum Leap {Rampage rPois
                  | rC++ Str-5}
  5967 | D:7      | Noticed Maggie
  5975 | D:7      | Killed Maggie
  6310 | D:8      | Reached ** piety under Qazlal
  6358 | D:8      | Found a staircase to the Lair.
  6768 | D:8      | Found a bloodstained altar of Trog.
  6815 | D:8      | Found an ancient bone altar of Kikubaaqudgha.
  7085 | Lair:1   | Entered Level 1 of the Lair of Beasts
  7137 | Lair:1   | Found a gate leading to a gauntlet.
  7178 | Lair:1   | Reached XP level 13. HP: 56/78 MP: 15/15
  7266 | Lair:1   | Reached skill level 10 in Long Blades
  8251 | Lair:2   | Noticed Urug
  8269 | Lair:2   | Killed Urug
  8541 | Lair:2   | Noticed Gastronok
  8552 | Lair:2   | Killed Gastronok
  9089 | Lair:3   | Reached skill level 10 in Armour
  9131 | Lair:3   | Found a staircase to the Snake Pit.
  9142 | Snake:1  | Entered Level 1 of the Snake Pit
  9161 | Snake:1  | Reached skill level 11 in Long Blades
  9243 | Snake:1  | Shot with an arrow by a naga sharpshooter

Illustrated notes

Levels and vault maps discovered:
D:1:      tarquinn_simple_flora_water_b, layout_basic, serial_bayou_ford_a
D:2:      layout_basic, uniq_sigmund
D:3:      layout_basic, nicolae_overflow_quartered_altars,
          amcnicky_mini_rare_corridor_liquid, uniq_crazy_yiuf_cottage
D:4:      layout_rooms, kennysheep_another_room, uniq_ijyb
D:5:      minmay_chambers_of_threes, layout_loops_ring,
          minmay_temple_entry_glass, uniq_pikel
D:6:      layout_basic, good_gods_mini_temple, nicolae_overflow_hidden_temple,
          kennysheep_pointless_box
D:7:      layout_rooms, enter_bailey_4, corner_web_ring, the_hattery,
          uniq_maggie
D:8:      layout_loops_ring, mainiacjoe_overflow_two_lobes, erik_lair_island
Temple:   corrupted_temple
Lair:1:   layout_cave_pods, gauntlet_entry_generic
Lair:2:   layout_loops_ring, gammafunk_lair_bear_cave,
          infiniplex_staircase_pool_2, uniq_gastronok, uniq_urug
Lair:3:   layout_layer_cave, minmay_snake_entry_six_corridors, special_room
          [special_room_bee]
Snake:1:  layout_gridlike, nicolae_shop_gadgets, uniq_azrael

Skill      XL: |  1  2  3  4  5  6  7  8  9 10 11 12 13 |
---------------+----------------------------------------+-----
Fighting       | 4 5 6 7 8 9 |  9.2
Maces & Flails | 3 4 |  4.9
Armour         | 4 5 6 7 8 9 10 | 10.1
Dodging        | 1 2 3 |  3.6
Shields        | 4 6 7 9 |  9.2
Long Blades    | 1 3 5 7 9 11 | 11.1
Evocations     | 1 2 |  2.9
Stealth        | 1 2 3 |  3.1
Short Blades   | 1 2 |  2.2
Axes           | 1 2 |  2.0
Polearms       | 2 |  2.4
Staves         | 1 2 |  2.0
Slings         | 1 |  1.6
Bows           | 1 |  1.8
Crossbows      | 1 |  1.8
Throwing       | 1 |  1.7
Unarmed Combat | 1 |  1.8
Spellcasting   | 1 |  1.6
Conjurations   | 1 2 |  2.0
Hexes          | 1 |  1.6
Summonings     | 1 |  1.6
Necromancy     | 1 |  1.4
Translocations | 1 |  1.6
Transmutations | 1 |  1.9
Fire Magic     | 1 |  1.8
Ice Magic      | 1 |  1.8
Air Magic      | 1 |  1.4
Earth Magic    | 1 2 |  2.2
Poison Magic   | 1 |  1.8
Invocations    | 1 2 |  2.0

Action                   |  1- 3 |  4- 6 |  7- 9 | 10-12 | 13-15 || total
-------------------------+-------+-------+-------+-------+-------++-------
Melee: Flail             |    87 |    70 |       |       |       ||   157
       Eudemon blade     |       |    50 |   139 |   110 |       ||   299
       Long sword        |       |       |       |   168 |   217 ||   385
Invok: Upheaval          |       |       |       |       |     1 ||     1
Evoke: Wand              |       |       |     2 |     7 |     4 ||    13
  Use: Potion            |       |       |     2 |     5 |     1 ||     8
Armor: Scale mail        |    66 |    27 |       |       |       ||    93
       Chain mail        |       |    25 |    82 |    52 |       ||   159
       Plate armour      |       |       |       |   148 |   175 ||   323
Dodge: Dodged            |    60 |    53 |    90 |   163 |    84 ||   450
Block: Buckler           |    35 |    34 |    41 |   157 |   122 ||   389

Table legend: (Time is in decaauts)
 A = Elapsed time spent in this place.
 B = Non-inter-level travel time spent in this place.
 C = Inter-level travel time spent in this place.
 D = Time resting spent in this place.
 E = Time spent auto-exploring this place.
 F = Levels seen in this place.
 G = Mean time per level.
                   A        B        C        D        E       F      G
               +--------+--------+--------+--------+--------+-----+--------+
         Total |   9571 |   9571 |      0 |      0 |      0 |  14 |  683.6 |
       Dungeon |   6916 |   6916 |      0 |      0 |      0 |   8 |  864.5 |
        Temple |    116 |    116 |      0 |      0 |      0 |   1 |  116.0 |
          Lair |   2054 |   2054 |      0 |      0 |      0 |   3 |  684.7 |
     Snake Pit |     95 |     95 |      0 |      0 |      0 |   1 |   95.0 |
        Bailey |    387 |    387 |      0 |      0 |      0 |   1 |  387.0 |
               +--------+--------+--------+--------+--------+-----+--------+

Top non-repeatable levels by time:
     D:1: 1714 daAuts
  Lair:1: 1095 daAuts
     D:5: 894 daAuts
     D:3: 892 daAuts
     D:8: 854 daAuts
     D:2: 802 daAuts
     D:6: 726 daAuts
  Lair:2: 698 daAuts
     D:7: 527 daAuts
     D:4: 504 daAuts
  Bailey: 387 daAuts
  Lair:3: 260 daAuts
  Temple: 116 daAuts
 Snake:1: 95 daAuts
